 Dungeon Crawl Stone Soup version 0.26-a0-651-gb41185065b (webtiles) character file.

Game seed: 3356401615517901216

65 kae the Ruffian (level 3, -1/29 HPs)
             Began as a Draconian Transmuter on Sept 29, 2020.
             Slain by Sigmund
             ... wielding a +0 scythe
              (7 damage)
             ... on level 2 of the Dungeon.
             The game lasted 00:01:19 (1752 turns).

kae the Ruffian (Draconian Transmuter)              Turns: 1752, Time: 00:01:20

Health: -1/29      AC:  5    Str: 13    XL:     3   Next: 92%
Magic:  6/6        EV: 12    Int: 13    God:
Gold:   78         SH:  0    Dex: 11    Spells: 5/6 levels left

rFire    + . .     SeeInvis .   d - +0 dagger (venom)
rCold    + . .     Faith    .   (no shield)
rNeg     . . .     Spirit   .   (armour unavailable)
rPois    +         Reflect  .   (helmet restricted)
rElec    +         Harm     .   (no cloak)
rCorr    +         Rampage  .   (no gloves)
MR       .....                  (no boots)
Stlth    +.........             (no amulet)
HPRegen  0.09/turn              (no ring)
MPRegen  0.10/turn              (no ring)

@: resistant
A: unfitting armour, cold-blooded, AC +5
a: no special abilities


You were on level 2 of the Dungeon.
You visited 1 branch of the dungeon, and saw 2 of its levels.

You collected 78 gold pieces.

Inventory:

Hand Weapons
 d - a +0 dagger of venom (weapon)
Potions
 c - a potion of magic {unknown}
 e - a potion of heal wounds {unknown}
 g - 2 potions of brilliance {unknown}


   Skills:
 + Level 2.2 Fighting
 - Level 1.7 Dodging
 * Level 4.0 Unarmed Combat
 - Level 2.0 Spellcasting
 + Level 2.7 Transmutations


You had 5 spell levels left.
You knew the following spells:

 Your Spells              Type           Power        Failure   Level
a - Beastly Appendage     Tmut           #.....       9%          1

Your spell library contained the following spells:

 Spells                   Type           Power        Failure   Level
 Wereblood                Tmut           #.......     13%         2
 Spider Form              Tmut/Pois      #.........   41%         3
 Ice Form                 Ice/Tmut       #.......     82%         4
 Blade Hands              Tmut           #.........   93%         5


Dungeon Overview and Level Annotations

Branches:
Dungeon (2/15)

Altars:

Annotations:
D:2 Sigmund


Innate Abilities, Weirdness & Mutations

Your plain brown scales are hard. (AC +5)
You cannot fit into any form of body armour.
You are cold-blooded and may be slowed by cold attacks.


Message History

You hit Sigmund. Your punch misses Sigmund.
Sigmund is severely wounded.
Your horns disappear.
Your talons disappear.
You hit Sigmund.
Sigmund looks as sick as possible!
Sigmund is severely wounded.
Sigmund hits you with a +0 scythe!
You hit Sigmund but do no damage.
Sigmund looks as sick as possible!
Sigmund is severely wounded.
Sigmund points at you and mumbles some strange words.
You resist with significant effort.
You hit Sigmund but do no damage.
Sigmund looks as sick as possible!
Your punch misses Sigmund.
Sigmund is severely wounded.
Sigmund gestures at you while chanting. The magic dart hits you.
* * * LOW HITPOINT WARNING * * *
You hit Sigmund.
Sigmund looks as sick as possible!
Sigmund is almost dead.
Sigmund hits you with a +0 scythe!
You die...

##.#..#...###...#...#....
#..##.#.##.#.##)#.###.###
#...##.##.....##.##.....#
#.#..................##.#
#.########...........##.#
#.# ##..........##.# #.#
#......>.......
#.#########..........##.#
#(....).@@...####.#####.#
########.###.# #........
#.# #. ........# #.#
####### #.# # #.# # #.#
#.# #.#


You could see Sigmund (extremely poisoned).

Vanquished Creatures
  2 adders (D:2)
  A worm (D:2)
  A dart slug (D:1)
  A ball python (D:2)
  6 bats
  3 giant cockroaches (D:1)
  9 goblins
  2 hobgoblins (D:1)
  2 jackals (D:1)
  3 frilled lizards
  4 kobolds
  7 rats
41 creatures vanquished.

Notes
Turn   | Place    | Note
-------+----------+-------------------------------------------
     0 | D:1      | kae the Draconian Transmuter began the quest for the Orb.
     0 | D:1      | Reached XP level 1. HP: 16/16 MP: 3/3
   176 | D:1      | Reached XP level 2. HP: 18/23 MP: 5/5
   662 | D:1      | Reached XP level 3. HP: 29/29 MP: 4/6
  1087 | D:2      | Noticed Sigmund
  1584 | D:2      | Reached skill level 4 in Unarmed Combat
  1752 | D:2      | Slain by Sigmund

Illustrated notes

Levels and vault maps discovered:
D:1:      psy_arrival_conway, layout_rooms
D:2:      layout_basic, serial_glass, glass_columns_c, glass_columns_b,
          nrook_mini_backslash, minmay_ruptured, uniq_sigmund

Skill      XL: |  1  2  3 |
---------------+----------+-----
Fighting       | 2 |  2.2
Unarmed Combat | 4 |  4.0
Dodging        | |  1.7
Spellcasting   | |  2.0
Transmutations | |  2.7

Action                   || total
-------------------------++-------
Melee: Unarmed           ||    29
       Kick              ||    16
       Headbutt          ||    11
       Tailslap          ||     8
       Punch             ||     1
       Dagger            ||    64
 Cast: Beastly Appendage ||    17
  Use: Scroll            ||     3
       Potion            ||     2
Armor: Skin              ||    37
Dodge: Dodged            ||    83

Table legend: (Time is in decaauts)
 A = Elapsed time spent in this place.
 B = Non-inter-level travel time spent in this place.
 C = Inter-level travel time spent in this place.
 D = Time resting spent in this place.
 E = Time spent auto-exploring this place.
 F = Levels seen in this place.
 G = Mean time per level.
                   A        B        C        D        E       F      G
               +--------+--------+--------+--------+--------+-----+--------+
         Total |   1754 |   1710 |     44 |    466 |    963 |   2 |  877.0 |
       Dungeon |   1754 |   1710 |     44 |    466 |    963 |   2 |  877.0 |
               +--------+--------+--------+--------+--------+-----+--------+

Top non-repeatable levels by time:
     D:1: 981 daAuts
     D:2: 772 daAuts
